 Dungeon Crawl Stone Soup version 0.18-a0-1788-g92de1ac (webtiles) character file.

83 graki42 the Charmwright (level 4, -1/30 HPs)
             Began as a High Elf Skald on Apr 20, 2016.
             Killed from afar by Mefis's ghost (3 damage)
             ... with a magic dart
             ... on level 3 of the Dungeon.
             The game lasted 00:06:46 (2109 turns).

graki42 the Charmwright (High Elf Skald)            Turns: 2109, Time: 00:06:49

Health: -1/30      AC:  6    Str: 11    XL:     4   Next: 22%
Magic:  6/9        EV: 11    Int: 15    God:
Gold:   50         SH:  0    Dex: 16    Spells: 2 memorised, 5 levels left

rFire  + . .     SeeInvis .     a - +0 falchion
rCold  x . .     Gourm    .     h - +1 ring mail {rN+}
rNeg   + . .     Faith    .     (no shield)
rPois  .         Spirit   .     (no helmet)
rElec  .         Dismiss  .     (no cloak)
rCorr  .         Reflect  .     (no gloves)
SustAt .         Harm     .     (no boots)
MR     +....                    (no amulet)
Stlth  +.........               s - ring of protection from magic
                                e - ring of fire

@: somewhat resistant to hostile enchantments, very unstealthy
A: no striking features
a: no special abilities


You were on level 3 of the Dungeon.
You were not hungry.

You visited 1 branch of the dungeon, and saw 3 of its levels.

You collected 50 gold pieces.

Inventory:

Hand Weapons
 a - a +0 falchion (weapon)
Missiles
 l - 47 arrows
Armour
 h - a +1 ring mail of positive energy (worn)
Jewellery
 e - a ring of fire (left hand)
 s - a ring of protection from magic (right hand)
Scrolls
 f - 3 scrolls of remove curse {unknown}
 i - a scroll of recharging {unknown}
 u - a scroll of enchant weapon {unknown}
 v - a scroll of magic mapping {unknown}
 w - a scroll of identify {unknown}
Potions
 g - a potion of heal wounds {unknown}
 j - a potion of lignification {unknown}
 k - a potion of degeneration {unknown}
 m - a potion of cancellation
 n - 4 potions of curing {unknown}
 o - a potion of magic {unknown}
 p - a potion of agility {unknown}
 q - a potion of haste {unknown}
 r - a potion of mutation {unknown}
Books
 c - a book of Battle

   Spells                             Type                      Level
   a - Infusion                       Charms                       1
   b - Shroud of Golubria             Charms/Translocation         2
   c - Song of Slaying                Charms                       2
   d - Spectral Weapon                Hexes/Charms                 3
   e - Regeneration                   Charms/Necromancy            3
Comestibles
 b - 2 meat rations
 d - 3 bread rations
 t - 3 fruits
 x - a chunk of flesh


   Skills:
 + Level 2.7 Fighting
 + Level 2.9 Long Blades
 + Level 1.6 Armour
 + Level 1.7 Dodging
 + Level 2.7 Spellcasting
 + Level 4.5 Charms


You had 5 spell levels left.
You knew the following spells:

 Your Spells              Type           Power        Failure   Level  Hunger
a - Infusion              Chrm           ###.         10%         1    #......
b - Song of Slaying       Chrm           ###.....     14%         2    ##.....


Dungeon Overview and Level Annotations

Branches:
Dungeon (3/15)

Altars:
Gozag
Pakellas
Ru
Trog
Vehumet
Yredelemnul

Annotations:
D:3 Mefis's ghost, amateur HuWz


Message History

You hit Mefis's ghost.
Mefis's ghost is severely damaged.
Mefis's ghost hits you.
* * * LOW HITPOINT WARNING * * *
You completely miss Mefis's ghost.
Mefis's ghost is heavily damaged.
Mefis's ghost barely misses you.
You miss Mefis's ghost.
Mefis's ghost is heavily damaged.
Your magical infusion is running out.
Mefis's ghost hits you.
* * * LOW HITPOINT WARNING * * *
Drink which item? (? for menu, Esc to quit)
It was a potion of cancellation.
Your magical effects are unravelling.
You feel magically purged.
You are no longer magically infusing your attacks.
Mefis's ghost points at you and mumbles some strange words.
The magic dart hits you!
You die...

.#...#. #.....#
#.≈≈≈.# #≈...≈#
#≈._.≈# # #≈...≈#
# ##.#.≈W≈.# .#
..#..@..#..
##.#...#.....
#...#.#.# #.#
#.##.#..###. .#.#
## # #.#.........
.....o
#.##.#.###.#.#..
.#.#.## #......#
.#...
......######.#.#
_. ###
.#.#<#.##.##.#...
#.


You could see Mefis's ghost.

Vanquished Creatures
  2 adders (D:2)
  2 oozes
  2 worms
  A dart slug (D:3)
  3 giant geckos
  3 orcs (D:3)
  2 giant cockroaches
  4 goblins
  4 hobgoblins (D:1)
  5 jackals (D:2)
  A kobold (D:2)
  A quokka (D:2)
  6 bats
  4 giant newts
  4 rats
44 creatures vanquished.

Notes
Turn   | Place    | Note
--------------------------------------------------------------
     0 | D:1      | graki42 the High Elf Skald began the quest for the Orb.
     0 | D:1      | Reached XP level 1. HP: 14/14 MP: 4/4
   203 | D:1      | Reached skill level 4 in Charms
   235 | D:1      | Reached XP level 2. HP: 15/19 MP: 3/6
   270 | D:1      | Reached skill level 1 in Armour
   770 | D:2      | Reached XP level 3. HP: 22/25 MP: 3/7
  1637 | D:3      | Reached XP level 4. HP: 27/30 MP: 6/9
  1842 | D:3      | Found a basalt altar of Yredelemnul.
  1843 | D:3      | Found an opulent altar of Gozag.
  1843 | D:3      | Found a bloodstained altar of Trog.
  1856 | D:3      | Found an oddly glowing altar of Pakellas.
  1889 | D:3      | Learned a level 2 spell: Song of Slaying
  2092 | D:3      | Found a sacrificial altar of Ru.
  2094 | D:3      | Found a radiant altar of Vehumet.
  2094 | D:3      | Noticed Mefis's ghost (amateur HuWz)
  2108 | D:3      | HP: 1/30 [Mefis's ghost (2)]
  2109 | D:3      | Killed from afar by Mefis's ghost

Vault maps used:
D:1:      dpeg_arrival_pond
D:2:      first_bread
D:3:      nicolae_overflow_quartered_altars, nicolae_ru_awakened_eye,
          lemuel_crystal_altar, st_stairs_13, minmay_ruptured

Skill      XL: |  1  2 |
---------------+-------+-----
Charms         | 4 |  4.5
Armour         | 1 |  1.6
Fighting       | |  2.7
Long Blades    | |  2.9
Dodging        | |  1.7
Spellcasting   | |  2.7

Action                   |  1- 3 |  4- 6 || total
-------------------------+-------+-------++-------
Melee: Falchion          |   118 |    40 ||   158
 Cast: Infusion          |    15 |     3 ||    18
       Song of Slaying   |       |     3 ||     3
  Use: Potion            |       |     1 ||     1
  Eat: Chunk             |     3 |     1 ||     4
Armor: Ring mail         |    43 |     6 ||    49
       Leather armour    |     4 |       ||     4
Dodge: Dodged            |    60 |     9 ||    69
